 Dungeon Crawl Stone Soup version 0.31-a0-4-gefa6de2278 (webtiles) character file.

Game seed: 8883535068414023356

544 retardedninja the Firebug (level 7, 0/51 HPs)
             Began as a Gnoll Fire Elementalist on May 4, 2023.
             Slain by Duvessa
             ... wielding a +0 short sword
              (17 damage)
             ... on level 4 of the Dungeon.
             The game lasted 00:08:25 (5127 turns).

retardedninja the Firebug (Gnoll Fire Elementalist) Turns: 5127, Time: 00:08:25

Health: 0/51       AC:  3    Str:  8    XL:     7   Next: 27%
Magic:  4/15       EV: 13    Int: 16    God:
Gold:   109        SH:  0    Dex: 12    Spells: 14/17 levels left

rFire   . . .        n - +0 spear
rCold   . . .        (no shield)
rNeg    . . .        a - +0 robe
rPois   .            (no helmet)
rElec   .            (no cloak)
rCorr   .            d - +0 pair of gloves
SInv    .            (no boots)
Will    .....        (no amulet)
Stlth   +++          (no ring)
HPRegen 0.28/turn    (no ring)
MPRegen 0.14/turn

%: no passive effects
@: no status effects
A: fangs 1, strong nose, distributed training
a: no special abilities


You were on level 4 of the Dungeon.
You visited 1 branch of the dungeon, and saw 4 of its levels.
You also visited: Sewer.

You collected 109 gold pieces.

Inventory:

Hand Weapons
 n - a +0 spear (weapon)
Armour
 a - a +0 robe (worn)
 d - a +0 pair of gloves (worn)
Scrolls
 e - 2 scrolls of noise {unknown}
 g - 2 scrolls of brand weapon {unknown}
 k - a scroll of vulnerability {unknown}
 l - 2 scrolls of identify {unknown}
 o - a scroll of poison {unknown}
 p - a scroll of teleportation {unknown}
 r - a scroll of enchant weapon {unknown}
 t - a scroll of torment {unknown}
Potions
 b - a potion of magic
 c - 2 potions of resistance {unknown}
 f - a potion of ambrosia {unknown}
 h - 4 potions of curing {unknown}
 i - a potion of might {unknown}
 j - 4 potions of mutation {unknown}
 m - 2 potions of brilliance {unknown}
 q - 2 potions of attraction {unknown}
 s - 4 potions of heal wounds {unknown}


   Skills:
 + Level 2.5 Fighting
 + Level 2.5 Short Blades
 + Level 2.5 Long Blades
 + Level 2.5 Axes
 + Level 2.5 Maces & Flails
 + Level 2.5 Polearms
 + Level 2.5 Staves
 + Level 2.5 Ranged Weapons
 + Level 2.5 Throwing
 + Level 2.5 Armour
 + Level 5.2 Dodging
 + Level 4.9 Stealth
 + Level 2.5 Shields
 + Level 2.5 Unarmed Combat
 + Level 5.6 Spellcasting
 + Level 3.0 Conjurations
 + Level 2.0 Hexes
 + Level 2.0 Summonings
 + Level 2.0 Necromancy
 + Level 2.0 Translocations
 + Level 2.0 Transmutations
 + Level 5.8 Fire Magic
 + Level 2.0 Ice Magic
 + Level 2.0 Air Magic
 + Level 2.0 Earth Magic
 + Level 2.0 Poison Magic
 + Level 2.7 Invocations
 + Level 2.5 Evocations


You had 14 spell levels left.
You knew the following spells:

 Your Spells              Type           Power      Damage    Failure   Level
a - Foxfire               Conj/Fire      72%        2x1d7     2%          1
b - Scorch                Fire           46%        2d6       1%          2

Your spell library contained the following spells:

 Spells                   Type           Power      Damage    Failure   Level
 Inner Flame              Hex/Fire       17%        N/A       9%          3
 Volatile Blastmotes      Fire/Tloc      34%        2d12      9%          3
 Flame Wave               Conj/Fire      18%        2d7       22%         4


Dungeon Overview and Level Annotations

Branches:
Dungeon (4/15)              Sewer (visited)
 Temple: D:4-7

Altars:
Ashenzari

Shops:
D:3 =

Annotations:
D:4 Duvessa


Innate Abilities, Weirdness & Mutations

You have very sharp teeth.
Your uncanny sense of smell can sniff out nearby items.
Your experience applies equally to all skills.


Message History

Your Conjurations skill increases to level 3!
Unknown command.
You conjure some foxfire!
Duvessa shouts!
Duvessa goes berserk!
The foxfire hits Duvessa.
Duvessa is lightly wounded.
You conjure some foxfire!
The foxfire hits Duvessa.
Duvessa is lightly wounded.
Duvessa rages.
The foxfire hits Duvessa but does no damage.
Duvessa is lightly wounded.
The foxfire hits Duvessa.
Duvessa is lightly wounded.
You conjure some foxfire!
Duvessa hits you with a +0 short sword! Duvessa hits you but does no damage.
The foxfire hits Duvessa but does no damage.
Duvessa is lightly wounded.
The foxfire hits Duvessa but does no damage.
Duvessa is lightly wounded.
Duvessa hits you with a +0 short sword!
You are too injured to fight recklessly!
Duvessa hits you with a +0 short sword. Duvessa closely misses you.
Casting: Foxfire (safe; 2% risk of failure)
Confirm with . or Enter, or press ? or * to list all spells.
Flames lash Duvessa.
Duvessa is moderately wounded.
Duvessa's fire resistance burns away.
Duvessa barely misses you.
Unknown command.
Casting: Scorch (safe; 1% risk of failure)
Confirm with . or Enter, or press ? or * to list all spells.
Flames lash Duvessa.
Duvessa is burned terribly!
Duvessa is moderately wounded.
Duvessa hits you with a +0 short sword! Duvessa closely misses you.
Casting: Scorch (safe; 1% risk of failure)
Confirm with . or Enter, or press ? or * to list all spells.
Flames lash Duvessa.
Duvessa is burned terribly!
Duvessa is moderately wounded.
Duvessa hits you with a +0 short sword!
You die...

#####
....####
#.##....####
#..≈.≈@....#
##≈.≈e≈....#
##..)#....#
#.≈.#....#
#...#....#
#.≈.#....#
#...#....#
#.≈.#....#
#....# #####


You could see Duvessa (berserk, combustible).

Vanquished Creatures
  Dowan (D:4)
  4 jellies (Sewer)
  An orc priest (D:3)
  2 orc wizards (D:3)
  Natasha (twice) (D:4)
  2 iguanas (D:4)
  7 adders
  A river rat (Sewer)
  A worm (D:4)
  2 dart slugs (D:1)
  13 orcs
  11 ball pythons
  9 bats
  9 endoplasms
  10 giant cockroaches
  3 goblins
  6 hobgoblins
  5 kobolds
  7 quokkas
  2 frilled lizards
  12 rats
110 creatures vanquished.

Vanquished Creatures (collateral kills)
  3 foxfires (D:2)
3 creatures vanquished.

Vanquished Creatures (others)
  518 foxfires
518 creatures vanquished.

Grand Total: 631 creatures vanquished

Notes
Turn   | Place    | Note
-------+----------+-------------------------------------------
     0 | D:1      | retardedninja the Gnoll Fire Elementalist began the quest
                  | for the Orb.
     0 | D:1      | Reached XP level 1. HP: 13/13 MP: 6/6
   188 | D:1      | Reached XP level 2. HP: 12/19 MP: 4/7
  1001 | D:1      | Reached skill level 5 in Spellcasting
  1001 | D:1      | Reached XP level 3. HP: 25/25 MP: 6/9
  1081 | D:1      | Reached skill level 1 in Invocations
  1602 | D:2      | Reached skill level 1 in Fighting
  1602 | D:2      | Reached skill level 1 in Short Blades
  1602 | D:2      | Reached skill level 1 in Long Blades
  1602 | D:2      | Reached skill level 1 in Axes
  1602 | D:2      | Reached skill level 1 in Maces & Flails
  1602 | D:2      | Reached skill level 1 in Polearms
  1602 | D:2      | Reached skill level 1 in Staves
  1602 | D:2      | Reached skill level 1 in Ranged Weapons
  1602 | D:2      | Reached skill level 1 in Throwing
  1602 | D:2      | Reached skill level 1 in Armour
  1602 | D:2      | Reached skill level 1 in Shields
  1602 | D:2      | Reached skill level 1 in Unarmed Combat
  1602 | D:2      | Reached skill level 1 in Evocations
  1772 | D:2      | Reached XP level 4. HP: 31/32 MP: 3/11
  2149 | D:3      | Reached skill level 1 in Hexes
  2149 | D:3      | Reached skill level 1 in Summonings
  2149 | D:3      | Reached skill level 1 in Necromancy
  2149 | D:3      | Reached skill level 1 in Translocations
  2149 | D:3      | Reached skill level 1 in Transmutations
  2149 | D:3      | Reached skill level 1 in Ice Magic
  2149 | D:3      | Reached skill level 1 in Air Magic
  2149 | D:3      | Reached skill level 1 in Earth Magic
  2149 | D:3      | Reached skill level 1 in Poison Magic
  2495 | D:3      | Found Fojelal's Jewellery Emporium.
  2577 | D:3      | Reached XP level 5. HP: 37/37 MP: 8/12
  2747 | D:3      | Learned a level 2 spell: Scorch
  2801 | D:3      | Found a broken altar of Ashenzari.
  3594 | D:4      | Reached XP level 6. HP: 18/44 MP: 1/13
  3708 | D:4      | Noticed Natasha
  3716 | D:4      | Killed Natasha
  3790 | D:4      | Reached skill level 5 in Dodging
  4069 | D:4      | Found a glowing drain.
  4072 | D:4      | Noticed Natasha
  4081 | Sewer    | Entered a sewer
  4626 | Sewer    | Found a shimmering altar of Xom.
  4667 | Sewer    | Reached XP level 7. HP: 50/50 MP: 11/15
  4839 | D:4      | Killed Natasha
  5109 | D:4      | Noticed Dowan
  5117 | D:4      | Killed Dowan
  5117 | D:4      | Noticed Duvessa
  5127 | D:4      | Slain by Duvessa

Illustrated notes

Levels and vault maps discovered:
D:1:      lightli_iron_boxes, layout_rooms
D:2:      layout_rooms, dreamdust_princess_bridge
D:3:      layout_loops_cross, nicolae_ashenzari_skybound, serial_shops, shop
D:4:      cheibrodos_pilgrimage, layout_basic, nicolae_ru_path_of_blood,
          portal_sewer_entry_f, minmay_misc_feat_doors, minmay_unequal,
          uniq_blork_the_orc, uniq_duvessa, uniq_natasha

Skill      XL: |  1  2  3  4  5  6  7 |
---------------+----------------------+-----
Conjurations   | 2 3 |  3.0
Spellcasting   | 5 |  5.6
Invocations    | 1 2 |  2.7
Fighting       | 1 2 |  2.5
Short Blades   | 1 2 |  2.5
Long Blades    | 1 2 |  2.5
Axes           | 1 2 |  2.5
Maces & Flails | 1 2 |  2.5
Polearms       | 1 2 |  2.5
Staves         | 1 2 |  2.5
Ranged Weapons | 1 2 |  2.5
Throwing       | 1 2 |  2.5
Armour         | 1 2 |  2.5
Shields        | 1 2 |  2.5
Unarmed Combat | 1 2 |  2.5
Evocations     | 1 2 |  2.5
Hexes          | 1 2 |  2.0
Summonings     | 1 2 |  2.0
Necromancy     | 1 2 |  2.0
Translocations | 1 2 |  2.0
Transmutations | 1 2 |  2.0
Ice Magic      | 1 2 |  2.0
Air Magic      | 1 2 |  2.0
Earth Magic    | 1 2 |  2.0
Poison Magic   | 1 2 |  2.0
Dodging        | 5 |  5.2
Stealth        | |  4.9
Fire Magic     | |  5.8

Action                     |  1- 3 |  4- 6 |  7- 9 || total
---------------------------+-------+-------+-------++-------
  Melee: Unarmed           |     5 |     1 |       ||     6
         Spear             |       |    15 |       ||    15
         Bite              |       |     2 |       ||     2
   Cast: Foxfire           |    97 |   183 |    24 ||   304
         Scorch            |       |     9 |     3 ||    12
 Armour: Robe              |     8 |    13 |     1 ||    22
  Dodge: Dodged            |    24 |    51 |    10 ||    85

Table legend: (Time is in decaauts)
 A = Elapsed time spent in this place.
 B = Non-inter-level travel time spent in this place.
 C = Inter-level travel time spent in this place.
 D = Time resting spent in this place.
 E = Time spent auto-exploring this place.
 F = Levels seen in this place.
 G = Mean time per level.
                   A        B        C        D        E       F      G
               +--------+--------+--------+--------+--------+-----+--------+
         Total |   5159 |   5117 |     42 |    717 |   3459 |   5 | 1031.8 |
       Dungeon |   4392 |   4350 |     42 |    717 |   2886 |   4 | 1098.0 |
         Sewer |    766 |    766 |      0 |      0 |    573 |   1 |  766.0 |
               +--------+--------+--------+--------+--------+-----+--------+

Top non-repeatable levels by time:
     D:1: 1318 daAuts
     D:3: 1231 daAuts
     D:2: 999 daAuts
     D:4: 843 daAuts
   Sewer: 766 daAuts
